 Dungeon Crawl Stone Soup version 0.29.0-13-gc9e81de378 (webtiles) character file.

Game seed: 3850300906316772403

133 ImASeal the Poker (level 5, -5/33 HPs)
             Began as a Tengu Berserker on Sept 7, 2022.
             Was a Priest of Trog.
             Slain by a gnoll
             ... wielding a +0 flail
              (6 damage)
             ... on level 2 of the Dungeon.
             The game lasted 00:02:55 (2191 turns).

ImASeal the Poker (Tengu Berserker)                 Turns: 2191, Time: 00:02:56

Health: -5/33      AC:  2    Str: 19    XL:     5   Next: 16%
Magic:  6/6        EV: 15    Int:  7    God:    Trog [***...]
Gold:   208        SH:  0    Dex: 14    Spells: 4/4 levels left

rFire   . . .      SeeInvis .   a - +0 spear
rCold   . . .      Faith    .   (no shield)
rNeg    . . .      Spirit   .   b - +0 animal skin
rPois   .          Reflect  .   (helmet restricted)
rElec   .          Harm     .   (no cloak)
rCorr   .          Rampage  .   (no gloves)
Will    .....                   (boots unavailable)
Stlth   +.........              (no amulet)
HPRegen 0.11/turn               (no ring)
MPRegen 0.10/turn               (no ring)

@: flying quickly and evasively, quick
A: beak, talons 3, nimble flight
a: Renounce Religion, Berserk, Trog's Hand


You were on level 2 of the Dungeon.
You worshipped Trog.
Trog was most pleased with you.
You visited 1 branch of the dungeon, and saw 2 of its levels.

You collected 208 gold pieces.

Inventory:

Hand Weapons
 a - a +0 spear (weapon)
 k - a +2 vorpal sling
Armour
 b - a +0 animal skin (worn)
Scrolls
 d - 2 scrolls of noise {unknown}
 e - a scroll of poison {unknown}
 f - 2 scrolls of vulnerability {unknown}
 g - 2 scrolls of fog {unknown}
 h - a scroll of fear {unknown}
 i - a scroll of identify {unknown}
 j - 2 scrolls of teleportation {unknown}
Potions
 c - a potion of haste {unknown}


   Skills:
 + Level 3.8 Fighting
 + Level 5.1 Polearms
 + Level 2.5 Armour
 + Level 2.8 Dodging


You had 4 spell levels left.
You didn't know any spells.
Your spell library was empty.

Dungeon Overview and Level Annotations

Branches:
Dungeon (2/15)

Altars:


Innate Abilities, Weirdness & Mutations

You have a beak for a mouth.
You have claws for feet.
Your magical nature lets you fly swiftly and evasively.


Message History

The gnoll hits you with a +0 whip.
You barely miss the gnoll.
The gnoll is heavily wounded.
The gnoll closely misses you.
You barely miss the gnoll.
The gnoll shouts!
You claw the gnoll!
You kill the gnoll!
Trog accepts your kill.
Your Polearms skill increases to level 5!
You have reached level 5!
Your magical nature develops, letting you fly swiftly and evasively.
You barely miss the gnoll. Your kick misses the gnoll. You hit the gnoll.
You claw the gnoll.
The gnoll is severely wounded.
The gnoll misses you.
You hit the gnoll but do no damage. Your kick misses the gnoll.
The gnoll is severely wounded.
The gnoll closely misses you. The gnoll hits you with a +0 flail.
You closely miss the gnoll. You claw the gnoll, but do no damage.
The gnoll is severely wounded.
The gnoll closely misses you. The gnoll hits you with a +0 flail!
The gnoll misses you.
You hit the gnoll. You claw the gnoll.
You kill the gnoll!
Trog accepts your kill. The gnoll misses you. The gnoll barely misses you.
You hit the gnoll but do no damage. You claw the gnoll.
The gnoll is lightly wounded.
The gnoll closely misses you. The gnoll hits you with a +0 flail!
You are too injured to fight recklessly!
You are too injured to fight recklessly!
You are too injured to fight recklessly!
You are too injured to fight recklessly!
You hit the gnoll but do no damage. You claw the gnoll!
The gnoll is severely wounded.
The gnoll hits you from afar with a +0 halberd!
* * * LOW HITPOINT WARNING * * *
The gnoll hits you with a +0 flail.
You die...

#............ #.
#..>......... #..
..##............ ..
#.##............ .
..###............... ..#
.#...#.#...........
....#...#.....#.........
#....#....#....#...##..
...#g)@#.....#...#.##..
#...g...#.#.......##..
.....#.#.$.....#.#..####
...#.....#.[.#......#
.#....#....#....#.#.#
..#.....#...#......##
....#.#.......#.#...#
#.......#.#........#
#...#.....#...#..#


You could see 2 gnolls.

Vanquished Creatures
  Natasha (D:2)
  3 gnolls
  An adder (D:2)
  A worm (D:2)
  A dart slug (D:1)
  8 ball pythons
  4 bats
  A bat skeleton (D:2)
  4 endoplasms
  A giant cockroach (D:1)
  12 goblins
  8 hobgoblins
  A ball python zombie (D:2)
  2 frilled lizards (D:1)
  6 kobolds
  A quokka zombie (D:2)
  6 rats
61 creatures vanquished.

Vanquished Creatures (others)
  3 plants (D:1)
  2 withered plants (D:2)
5 creatures vanquished.

Grand Total: 66 creatures vanquished

Notes
Turn   | Place    | Note
-------+----------+-------------------------------------------
     0 | D:1      | ImASeal the Tengu Berserker began the quest for the Orb.
     0 | D:1      | Reached XP level 1. HP: 14/14 MP: 2/2
    79 | D:1      | Reached XP level 2. HP: 19/19 MP: 3/3
   242 | D:1      | Reached XP level 3. HP: 13/23 MP: 4/4
   477 | D:1      | Reached ** piety under Trog
   530 | D:1      | Found a faded altar of an unknown god.
   594 | D:1      | Reached skill level 4 in Polearms
  1434 | D:2      | Reached XP level 4. HP: 6/28 MP: 5/5
  2084 | D:2      | Noticed Natasha
  2093 | D:2      | Killed Natasha
  2093 | D:2      | Reached *** piety under Trog
  2185 | D:2      | Reached skill level 5 in Polearms
  2185 | D:2      | Gained mutation: Your magical nature lets you fly swiftly
                  | and evasively. [Tengu growth]
  2185 | D:2      | Reached XP level 5. HP: 31/33 MP: 6/6
  2191 | D:2      | HP: 1/33 [gnoll/+0 halberd (12)]
  2191 | D:2      | Slain by a gnoll

Illustrated notes

Levels and vault maps discovered:
D:1:      reono_arrival_mine, layout_loops_ring,
          ebering_ecumenical_altar_sacrificial, minmay_shallow_snake_nest
D:2:      cheibrodos_greedy_goblins, layout_basic, serial_undead,
          serial_undead_f, serial_undead_f, serial_undead_f, serial_undead_c,
          nicolae_kite_square_tiling_tiny, uniq_natasha

Skill      XL: |  1  2  3  4 |
---------------+-------------+-----
Polearms       | 4 5 |  5.1
Fighting       | |  3.8
Armour         | |  2.5
Dodging        | |  2.8

Action                   |  1- 3 |  4- 6 || total
-------------------------+-------+-------++-------
Melee: Spear             |   107 |    55 ||   162
       Kick              |    18 |    14 ||    32
       Peck              |    10 |     7 ||    17
Armor: Animal skin       |    14 |     4 ||    18
Dodge: Dodged            |    35 |    31 ||    66
